TOP OF THE 1ST |
Randall HS Raiders batting - Pitching for H.H. Dow HS Chargers : LHP Scott Brown
|
Pitching: LHP Scott Brown
|
|
Batting: RHB Jesús Salazar
|
0-0: Foul Ball, location: 2F 0-1: Fly out, F8 (Flyball, 8RS)
|
Batting: RHB Tom Allen
|
0-0: Called Strike 0-1: Called Strike 0-2: SINGLE (Flyball, 89S)
|
Batting: RHB Brody Sexton
|
0-0: Ball 1-0: Ball 2-0: Ball 3-0: Base on Balls Tom Allen to second
|
Batting: RHB Flynn Roberts
|
0-0: Fly out, F8 (Flyball, 8LM)
|
Batting: LHB José Gonzáles
|
0-0: Called Strike 0-1: Foul Ball, location: 2F 0-2: Ball 1-2: Foul Ball, location: 2F 1-2: SINGLE (Flyball, 7LS) Tom Allen to third Brody Sexton to second Runner from 3rd tries for Home, SAFE, no throw
|
Batting: LHB Robert Wright
|
0-0: Called Strike 0-1: Swinging Strike 0-2: Foul Ball, location: 2F 0-2: Foul Ball, location: 2F 0-2: Foul Ball, location: 2F 0-2: Foul Ball, location: 2F 0-2: Fly out, F4 (Line Drive, 4)
|
Top of the 1st over - 1 run(s), 2 hit(s), 0 error(s), 2 left on base; Randall HS 1 - H.H. Dow HS 0 |
BOTTOM OF THE 1ST |
H.H. Dow HS Chargers batting - Pitching for Randall HS Raiders : RHP Robin Owens
|
Pitching: RHP Robin Owens
|
|
Batting: RHB Mario Ramírez
|
0-0: Foul Ball, location: 2F 0-1: Ground out 5-3 (Groundball, 56S)
|
Batting: LHB Walt George
|
0-0: Swinging Strike 0-1: Ball 1-1: Ball 2-1: Ball 3-1: Foul Ball, location: 2F 3-2: Ground out 4-3 (Groundball, 4S)
|
Batting: RHB Melvin Matthews
|
0-0: Ball 1-0: Swinging Strike 1-1: Ball 2-1: Ball 3-1: Foul Ball, location: 2F 3-2: Foul Ball, location: 2F 3-2: Foul Ball, location: 2F 3-2: Foul Ball, location: 2F 3-2: Foul Ball, location: 2F 3-2: Foul Ball, location: 2F 3-2: Foul Ball, location: 2F 3-2: Base on Balls
|
Batting: RHB Lee Kestle
|
0-0: Ball 1-0: Ball 2-0: Ball 3-0: Base on Balls Melvin Matthews to second
|
Batting: SHB Bob Erwin
|
0-0: Called Strike 0-1: Ball Wild Pitch! Melvin Matthews to third Lee Kestle to second 1-1: Ball 2-1: Swinging Strike 2-2: Ball 3-2: Ground out 4-3 (Groundball, 34D)
|
Bottom of the 1st over - 0 run(s), 0 hit(s), 0 error(s), 2 left on base; Randall HS 1 - H.H. Dow HS 0 |
TOP OF THE 2ND |
Randall HS Raiders batting - Pitching for H.H. Dow HS Chargers : LHP Scott Brown
|
Batting: LHB Buddy Jones
|
0-0: Called Strike 0-1: Ball 1-1: Foul Ball, location: 2F 1-2: Ball 2-2: Foul Ball, location: 2F 2-2: Foul Ball, location: 2F 2-2: Ball 3-2: SINGLE (Groundball, 4MD)
|
Batting: RHB Don Ulrich
|
0-0: Called Strike 0-1: Swinging Strike 0-2: Strikes out looking
|
Batting: RHB Luis Sánchez
|
0-0: Ball 1-0: Ball 2-0: Ball 3-0: Base on Balls Buddy Jones to second
|
Batting: RHB Jesús Salazar
|
0-0: Ball 1-0: Ball 2-0: Ball 3-0: Base on Balls Buddy Jones to third Luis Sánchez to second
|
Batting: RHB Tom Allen
|
0-0: Foul Ball, location: 2F 0-1: SINGLE (Line Drive, 4MD) Buddy Jones scores Luis Sánchez to third Jesús Salazar to second Runner from 3rd tries for Home, throw and OUT! Jesús Salazar to third Tom Allen to second
|
Batting: RHB Brody Sexton
|
0-0: Ball 1-0: Ball 2-0: Foul Ball, location: 2F 2-1: SINGLE (Line Drive, 6M) Jesús Salazar scores Tom Allen to third Runner from 3rd tries for Home, SAFE, no throw
|
Batting: RHB Flynn Roberts
|
0-0: Ball 1-0: Ball 2-0: Ball 3-0: Base on Balls Brody Sexton to second
|
Batting: LHB José Gonzáles
|
0-0: Foul Ball, location: 2F 0-1: Called Strike 0-2: Ball 1-2: Strikes out looking
|
Top of the 2nd over - 3 run(s), 3 hit(s), 0 error(s), 2 left on base; Randall HS 4 - H.H. Dow HS 0 |
BOTTOM OF THE 2ND |
H.H. Dow HS Chargers batting - Pitching for Randall HS Raiders : RHP Robin Owens
|
Batting: RHB Roberto Ramírez
|
0-0: Ball 1-0: Ball 2-0: Called Strike 2-1: Foul Ball, location: 2F 2-2: Ball 3-2: Foul Ball, location: 2F 3-2: Base on Balls
|
Batting: LHB Joaquín Trejo
|
0-0: Reached on error, E6 (Groundball, 6) Roberto Ramírez to second
|
Batting: RHB John Hughes
|
0-0: Ball 1-0: Ball 2-0: Swinging Strike 2-1: Swinging Strike 2-2: Ball 3-2: Base on Balls Roberto Ramírez to third Joaquín Trejo to second
|
Batting: LHB Bob Coztana
|
0-0: Ball 1-0: Swinging Strike 1-1: Foul Ball, location: 2F 1-2: SINGLE (Flyball, 89S) Roberto Ramírez scores Joaquín Trejo to third John Hughes to second
|
Batting: RHB Mario Ramírez
|
0-0: Foul Ball, location: 2F 0-1: Called Strike 0-2: Ball 1-2: Ball 2-2: Ball 3-2: Fly out, F8 (Flyball, 8LD) Runner from 3rd tags up, SCORES, no throw
|
Batting: LHB Walt George
|
0-0: Ball 1-0: Ball 2-0: Foul Ball, location: 2F 2-1: Ball 3-1: Called Strike 3-2: Strikes out looking
|
Batting: RHB Melvin Matthews
|
0-0: Ball 1-0: Ball 2-0: Called Strike 2-1: Ball 3-1: Called Strike 3-2: Foul Ball, location: 2F 3-2: SINGLE (Groundball, 56D) John Hughes to third Bob Coztana to second John Hughes scores Bob Coztana to third
|
Batting: RHB Lee Kestle
|
0-0: Foul Ball, location: 2F 0-1: Ball 1-1: Swinging Strike 1-2: Ball 2-2: Strikes out swinging
|
Bottom of the 2nd over - 3 run(s), 2 hit(s), 1 error(s), 2 left on base; Randall HS 4 - H.H. Dow HS 3 |
TOP OF THE 3RD |
Randall HS Raiders batting - Pitching for H.H. Dow HS Chargers : LHP Scott Brown
|
Batting: LHB Robert Wright
|
0-0: Ball 1-0: DOUBLE (Flyball, 89D)
|
Batting: LHB Buddy Jones
|
0-0: Ball 1-0: Ball 2-0: Called Strike 2-1: SINGLE (Groundball, 56S) (infield hit) Robert Wright to third
|
Batting: RHB Don Ulrich
|
0-0: Foul Ball, location: 2F 0-1: Swinging Strike 0-2: Ball 1-2: Strikes out swinging
|
Batting: RHB Luis Sánchez
|
0-0: Ball 1-0: Fielders Choice at 2nd, 1-4 (Groundball, 15S)
|
Batting: RHB Jesús Salazar
|
0-0: Ground out 5-3 (Groundball, 56S)
|
Top of the 3rd over - 0 run(s), 2 hit(s), 0 error(s), 2 left on base; Randall HS 4 - H.H. Dow HS 3 |
BOTTOM OF THE 3RD |
H.H. Dow HS Chargers batting - Pitching for Randall HS Raiders : RHP Robin Owens
|
Batting: SHB Bob Erwin
|
0-0: Foul Ball, location: 2F 0-1: Swinging Strike 0-2: Foul Ball, location: 2F 0-2: Ball 1-2: Foul Ball, location: 2F 1-2: Strikes out swinging
|
Batting: RHB Roberto Ramírez
|
0-0: Ball 1-0: Ball 2-0: Called Strike 2-1: Foul Ball, location: 2F 2-2: Strikes out looking
|
Batting: LHB Joaquín Trejo
|
0-0: Called Strike 0-1: Foul Ball, location: 2F 0-2: Foul Ball, location: 2F 0-2: Strikes out swinging
|
Bottom of the 3rd over - 0 run(s), 0 hit(s), 0 error(s), 0 left on base; Randall HS 4 - H.H. Dow HS 3 |
TOP OF THE 4TH |
Randall HS Raiders batting - Pitching for H.H. Dow HS Chargers : LHP Scott Brown
|
Batting: RHB Tom Allen
|
0-0: Ball 1-0: SINGLE (Flyball, 8LS)
|
Batting: RHB Brody Sexton
|
0-0: Ball 1-0: Grounds into double play, 4-6-3 (Groundball, 4)
|
Batting: RHB Flynn Roberts
|
0-0: Foul Ball, location: 2F 0-1: Called Strike 0-2: Strikes out swinging
|
Top of the 4th over - 0 run(s), 1 hit(s), 0 error(s), 0 left on base; Randall HS 4 - H.H. Dow HS 3 |
BOTTOM OF THE 4TH |
H.H. Dow HS Chargers batting - Pitching for Randall HS Raiders : RHP Robin Owens
|
Pitching: LHP Pedro Fernández
|
|
Batting: RHB John Hughes
|
0-0: Ball 1-0: Ball 2-0: Ground out 6-3 (Groundball, 6)
|
Batting: LHB Bob Coztana
|
0-0: Called Strike 0-1: Ball 1-1: Fly out, F8 (Line Drive, 8LD)
|
Batting: RHB Mario Ramírez
|
0-0: SINGLE (Groundball, 4MD)
|
Batting: LHB Walt George
|
0-0: Ball 1-0: Ball 2-0: Called Strike 2-1: Foul Ball, location: 2F 2-2: Ball 3-2: Ground out 1-3 (Groundball, 15S)
|
Bottom of the 4th over - 0 run(s), 1 hit(s), 0 error(s), 1 left on base; Randall HS 4 - H.H. Dow HS 3 |
TOP OF THE 5TH |
Randall HS Raiders batting - Pitching for H.H. Dow HS Chargers : LHP Scott Brown
|
Batting: LHB José Gonzáles
|
0-0: Ball 1-0: Called Strike 1-1: Foul Ball, location: 2F 1-2: Foul Ball, location: 2F 1-2: Ball 2-2: Ball 3-2: Ground out U3 (Groundball, 34)
|
Pitching: RHP James Smith
|
|
Batting: LHB Robert Wright
|
0-0: Ball 1-0: Ball 2-0: Called Strike 2-1: Swinging Strike 2-2: Foul Ball, location: 2F 2-2: Ball 3-2: Foul Ball, location: 2F 3-2: Foul Ball, location: 2F 3-2: SINGLE (Groundball, 34D)
|
Batting: LHB Buddy Jones
|
0-0: Called Strike 0-1: Ball Passed Ball! Robert Wright to second 1-1: Intentional Walk
|
Batting: RHB Don Ulrich
|
0-0: Called Strike 0-1: Fly out, F9 (Flyball, 9)
|
Batting: RHB Luis Sánchez
|
0-0: Called Strike 0-1: Hit by Pitch Robert Wright to third Buddy Jones to second
|
Batting: RHB Jesús Salazar
|
0-0: Ball 1-0: Ball 2-0: SINGLE (Line Drive, 6MD) Robert Wright scores Buddy Jones to third Luis Sánchez to second Runner from 3rd tries for Home, SAFE, no throw
|
Batting: RHB Tom Allen
|
0-0: Ball 1-0: Swinging Strike 1-1: Ball 2-1: Fly out, F7 (Flyball, 7)
|
Top of the 5th over - 2 run(s), 2 hit(s), 0 error(s), 2 left on base; Randall HS 6 - H.H. Dow HS 3 |
BOTTOM OF THE 5TH |
H.H. Dow HS Chargers batting - Pitching for Randall HS Raiders : LHP Pedro Fernández
|
Batting: RHB Melvin Matthews
|
0-0: Ball 1-0: Foul Ball, location: 2F 1-1: Foul Ball, location: 2F 1-2: Ball 2-2: Ground out 5-3 (Groundball, 5)
|
Batting: RHB Lee Kestle
|
0-0: Ball 1-0: Foul Ball, location: 2F 1-1: SINGLE (Line Drive, 7S)
|
Batting: SHB Bob Erwin
|
0-0: Swinging Strike 0-1: Ball 1-1: Ball 2-1: Ball 3-1: Base on Balls Lee Kestle to second
|
Batting: RHB Roberto Ramírez
|
0-0: Ball 1-0: Called Strike 1-1: Foul Ball, location: 2F 1-2: Foul Ball, location: 2F 1-2: Strikes out swinging
|
Batting: LHB Joaquín Trejo
|
0-0: Ball 1-0: Called Strike 1-1: Fly out, F7 (Flyball, 7S)
|
Bottom of the 5th over - 0 run(s), 1 hit(s), 0 error(s), 2 left on base; Randall HS 6 - H.H. Dow HS 3 |
TOP OF THE 6TH |
Randall HS Raiders batting - Pitching for H.H. Dow HS Chargers : RHP James Smith
|
Pitching: RHP Francisco Peña
|
|
Batting: RHB Brody Sexton
|
0-0: Ball 1-0: Ball 2-0: Called Strike 2-1: Hit by Pitch
|
Batting: RHB Flynn Roberts
|
0-0: Fielders Choice at 2nd, 6-4 (Groundball, 56)
|
Batting: LHB José Gonzáles
|
0-0: Swinging Strike 0-1: Swinging Strike 0-2: Strikes out swinging
|
Batting: LHB Robert Wright
|
0-0: Ball 1-0: Foul Ball, location: 2F 1-1: Ball 2-1: Ball 3-1: Base on Balls Flynn Roberts to second
|
Batting: LHB Buddy Jones
|
0-0: Fly out, F7 (Flyball, 78S)
|
Top of the 6th over - 0 run(s), 0 hit(s), 0 error(s), 2 left on base; Randall HS 6 - H.H. Dow HS 3 |
BOTTOM OF THE 6TH |
H.H. Dow HS Chargers batting - Pitching for Randall HS Raiders : LHP Pedro Fernández
|
Batting: RHB John Hughes
|
0-0: Foul Ball, location: 2F 0-1: Swinging Strike 0-2: Strikes out looking
|
Batting: LHB Bob Coztana
|
0-0: Ball 1-0: Called Strike 1-1: Ball 2-1: Fly out, F7 (Flyball, 78M)
|
Batting: RHB Mario Ramírez
|
0-0: Foul Ball, location: 2F 0-1: Ball 1-1: Ball 2-1: Ground out 5-3 (Groundball, 5S)
|
Bottom of the 6th over - 0 run(s), 0 hit(s), 0 error(s), 0 left on base; Randall HS 6 - H.H. Dow HS 3 |
TOP OF THE 7TH |
Randall HS Raiders batting - Pitching for H.H. Dow HS Chargers : RHP Francisco Peña
|
Batting: RHB Don Ulrich
|
0-0: Ground out 6-3 (Groundball, 6)
|
Batting: RHB Luis Sánchez
|
0-0: Ball 1-0: Fly out, F7 (Flyball, 7S)
|
Batting: RHB Jesús Salazar
|
0-0: Called Strike 0-1: Ball 1-1: Swinging Strike 1-2: Strikes out swinging
|
Top of the 7th over - 0 run(s), 0 hit(s), 0 error(s), 0 left on base; Randall HS 6 - H.H. Dow HS 3 |
BOTTOM OF THE 7TH |
H.H. Dow HS Chargers batting - Pitching for Randall HS Raiders : LHP Pedro Fernández
|
Batting: LHB Walt George
|
0-0: Called Strike 0-1: Ball 1-1: Foul Ball, location: 2F 1-2: SINGLE (Groundball, 15S) (infield hit)
|
Batting: RHB Melvin Matthews
|
0-0: Called Strike 0-1: Called Strike 0-2: Ball 1-2: Foul Ball, location: 2F 1-2: Strikes out looking
|
Batting: RHB Lee Kestle
|
0-0: Called Strike 0-1: Ball 1-1: Called Strike 1-2: Strikes out swinging
|
Pitching: LHP Stanley Matthews
|
|
Batting: SHB Bob Erwin
|
0-0: Ball 1-0: Ball 2-0: Ball 3-0: Called Strike 3-1: Foul Ball, location: 2F 3-2: Foul Ball, location: 2F 3-2: Ground out 6-3 (Groundball, 6M)
|
Bottom of the 7th over - 0 run(s), 1 hit(s), 0 error(s), 1 left on base; Randall HS 6 - H.H. Dow HS 3 |
TOP OF THE 8TH |
Randall HS Raiders batting - Pitching for H.H. Dow HS Chargers : RHP Francisco Peña
|
Batting: RHB Tom Allen
|
0-0: Foul Ball, location: 2F 0-1: Called Strike 0-2: Ball 1-2: Strikes out swinging
|
Batting: RHB Brody Sexton
|
0-0: Ball 1-0: Ball 2-0: Ball 3-0: Base on Balls
|
Batting: RHB Flynn Roberts
|
0-0: Ball 1-0: Ball 2-0: Called Strike 2-1: Swinging Strike 2-2: Foul Ball, location: 2F 2-2: Strikes out swinging
|
Batting: LHB José Gonzáles
|
0-0: Called Strike 0-1: Swinging Strike 0-2: Ball 1-2: Strikes out looking
|
Top of the 8th over - 0 run(s), 0 hit(s), 0 error(s), 1 left on base; Randall HS 6 - H.H. Dow HS 3 |
BOTTOM OF THE 8TH |
H.H. Dow HS Chargers batting - Pitching for Randall HS Raiders : LHP Stanley Matthews
|
Batting: RHB Roberto Ramírez
|
0-0: Fly out, F9 (Flyball, 9S)
|
Batting: LHB Joaquín Trejo
|
0-0: Ball 1-0: Foul Ball, location: 2F 1-1: Ball 2-1: Ball 3-1: Base on Balls
|
Pitching: RHP Eric Hartley
|
|
Batting: RHB John Hughes
|
0-0: Called Strike 0-1: Swinging Strike 0-2: Ball 1-2: Ball 2-2: Ball 3-2: Base on Balls Joaquín Trejo to second
|
Batting: LHB Bob Coztana
|
0-0: Ball 1-0: Ball 2-0: Called Strike 2-1: Ball 3-1: Foul Ball, location: 2F 3-2: Foul Ball, location: 2F 3-2: SINGLE (Flyball, 8LS) Joaquín Trejo to third John Hughes to second Runner from 3rd tries for Home, SAFE, throw made at trailing runner, OUT at third!
|
Batting: RHB Mario Ramírez
|
0-0: Ball 1-0: Swinging Strike 1-1: Ball 2-1: Swinging Strike 2-2: Foul Ball, location: 2F 2-2: Ball 3-2: Foul Ball, location: 2F 3-2: Foul Ball, location: 2F 3-2: Foul Ball, location: 2F 3-2: Reached on error, E6 (Groundball, 6) Bob Coztana to second
|
Batting: LHB Walt George
|
0-0: Swinging Strike 0-1: Ball 1-1: Ground out 1-3 (Groundball, 13)
|
Bottom of the 8th over - 1 run(s), 1 hit(s), 1 error(s), 2 left on base; Randall HS 6 - H.H. Dow HS 4 |
TOP OF THE 9TH |
Randall HS Raiders batting - Pitching for H.H. Dow HS Chargers : RHP Francisco Peña
|
Pitching: RHP Alberto Gonzáles
|
|
Batting: LHB Robert Wright
|
0-0: Foul Ball, location: 2F 0-1: Ball 1-1: Called Strike 1-2: Strikes out swinging
|
Batting: LHB Buddy Jones
|
0-0: Called Strike 0-1: Ball 1-1: SINGLE (Line Drive, 8RS)
|
Batting: RHB Don Ulrich
|
0-0: Ball 1-0: Called Strike 1-1: Ball 2-1: Ball 3-1: Base on Balls Buddy Jones to second
|
Pinch Hitting: RHB Mike Connor
|
0-0: Ball 1-0: Foul Ball, location: 2F 1-1: Foul Ball, location: 2F 1-2: Ball 2-2: Foul Ball, location: 2F 2-2: Ball 3-2: 3-RUN HOME RUN (Flyball, 9D), Distance : 393 ft
|
Pitching: RHP Tomás Granados
|
|
Batting: RHB Jesús Salazar
|
0-0: Ball 1-0: Ground out 4-3 (Groundball, 4)
|
Batting: RHB Tom Allen
|
0-0: Ball 1-0: Ball 2-0: Ball 3-0: Called Strike 3-1: Foul Ball, location: 2F 3-2: Ground out 4-3 (Groundball, 4)
|
Top of the 9th over - 3 run(s), 2 hit(s), 0 error(s), 0 left on base; Randall HS 9 - H.H. Dow HS 4 |
BOTTOM OF THE 9TH |
H.H. Dow HS Chargers batting - Pitching for Randall HS Raiders : RHP Eric Hartley
|
Pitching: RHP Thomas Evans
|
|
Now at C: John Roberts
|
|
Now at 3B: Mike Connor
|
|
Batting: RHB Melvin Matthews
|
0-0: Called Strike 0-1: Foul Ball, location: 2F 0-2: Ball 1-2: Strikes out swinging
|
Batting: RHB Lee Kestle
|
0-0: Called Strike 0-1: Swinging Strike 0-2: Ball 1-2: Foul Ball, location: 2F 1-2: Ball 2-2: Ball 3-2: Base on Balls
|
Batting: SHB Bob Erwin
|
0-0: Ball 1-0: Called Strike 1-1: Ball 2-1: Ball 3-1: Base on Balls Lee Kestle to second
|
Batting: RHB Roberto Ramírez
|
0-0: Fly out, F8 (Flyball, 89M)
|
Batting: LHB Joaquín Trejo
|
0-0: Called Strike 0-1: Ground out U3 (Groundball, 34)
|
Bottom of the 9th over - 0 run(s), 0 hit(s), 0 error(s), 2 left on base; Randall HS 9 - H.H. Dow HS 4 |
|